Construct Infanterie Kompanie
Selects Luftwaffe Battlegroup
Selects Luftwaffe Pioneer Support
Fallschirmpioneer Squad Paradrop
Selects LG40 Recoilless Gun Paradrop
Fallschirmpioneer Squad Paradrop
Construct Panzergrenadier Kompanie
LG40 Recoilless Gun Paradrop
Selects Stuka Strafing Run
Selects Fallschirmjäger Squad Paradrop
Fallschirmjäger Squad Paradrop
LG40 Recoilless Gun Paradrop
Fallschirmjäger Squad Paradrop
Selects Flak 36 Anti-tank Gun Emplacement
Fallschirmpioneer Squad Paradrop
Panzergrenadier Officer Quarters
Fallschirmjäger Squad Paradrop
Construct Panzer Kompanie